 Dungeon Crawl Stone Soup version 0.15-a0-2130-g28e4b74 (webtiles) character file.

186524 Raurakos the Fencer (level 17, 126/126 HPs)
             Began as a High Elf Wizard on July 15, 2014.
             Was an Elder of Sif Muna.
             Quit the game on Level 2 of the Lair of Beasts on Aug 3, 2014.
             The game lasted 07:18:49 (66289 turns).

Raurakos the Fencer (High Elf Wizard)              Turns: 66289, Time: 07:18:49

HP 126/126       AC 14     Str  6      XL: 17   Next: 43%
MP  37/37        EV 23     Int 25      God: Sif Muna [****..]
Gold 2901        SH  0     Dex 19      Spells:  6 memorised, 21 levels left

rFire  . . .     SeeInvis +     a - +2 great sword (freeze)
rCold  + . .     Clarity  .     H - +1 leather armour of the Butterfly {+Blink rPois}
rNeg   . . .     rCorr    .     (no shield)
rPois  +         rRot     .     X - +2 hat {SInv}
rElec  .         Spirit   .     V - +2 cloak
SustAb .         Warding  .     l - +1 pair of gloves
rMut   .         Stasis   .     Q - +1 pair of boots
Gourm  +                        J - amulet of the gourmand
MR     ++...                    m - ring of protection from cold
                                S - ring of protection from magic

@: very resistant to hostile enchantments, unstealthy
A: molten scales 1, no device heal 1
a: Channel Energy, Forget Spell, Renounce Religion, Evoke Blink
}: 1/15 runes: gossamer


You were on level 2 of the Lair of Beasts.
You worshipped Sif Muna.
Sif Muna was greatly pleased with you.
You were not hungry.

You visited 6 branches of the dungeon, and saw 34 of its levels.
You also visited: Sewer, Ice Cave and Volcano.

You collected 3054 gold pieces.
You spent 153 gold pieces at shops.

Inventory:

Hand weapons
 a - a +2 great sword of freezing (weapon)
 b - a +0 blowgun
Missiles
 k - 40 poisoned needles
 K - 7 curare-tipped needles
Armour
 l - a +1 pair of gloves (worn)
 H - the +1 leather armour of the Butterfly (worn) {+Blink rPois}
   (You found it on level 9 of the Dungeon)

   It protects you from poison.
   It lets you blink.
 Q - a +1 pair of boots (worn)
 V - a +2 cloak (worn)
 X - a +2 hat of see invisible (worn)
Magical devices
 n - a wand of lightning (3)
 Y - a wand of teleportation (1)
 Z - a wand of teleportation (3)
Comestibles
 c - a meat ration
 d - 13 bread rations
Scrolls
 f - 13 scrolls of remove curse
 g - a scroll of blinking
 i - 12 scrolls of teleportation
 o - 4 scrolls of magic mapping
 u - 2 scrolls of identify
 x - a scroll of fog
Jewellery
 m - a ring of protection from cold (right hand)
 F - an uncursed amulet of resist mutation
 J - an amulet of the gourmand (around neck)
 S - a ring of protection from magic (left hand)
 U - an uncursed ring of teleportation
Potions
 e - 5 potions of agility
 p - 4 potions of cancellation
 s - 15 potions of curing
 t - 6 potions of brilliance
 v - 4 potions of flight
 w - a potion of invisibility
 z - 3 potions of haste
 G - 5 potions of might
 L - 2 potions of restore abilities
 N - 9 potions of heal wounds
Miscellaneous
 y - a lantern of shadows
 T - a box of beasts


   Skills:
 + Level 14.5 Fighting
 - Level 18.0 Long Blades
 + Level 14.8 Dodging
 - Level 2.1 Stealth
 - Level 11.0 Spellcasting
 - Level 9.1 Conjurations
 - Level 5.0 Charms
 - Level 5.1 Summonings
 - Level 11.0 Translocations
 - Level 8.0 Air Magic
 - Level 1.0 Poison Magic
 - Level 7.0 Evocations


You had 21 spell levels left.
You knew the following spells:

 Your Spells              Type           Power        Failure   Level  Hunger
a - Magic Dart            Conj           ####         1%          1    None
b - Blink                 Tloc           N/A          1%          2    None
c - Call Imp              Summ           #####...     1%          2    None
d - Mephitic Cloud        Conj/Pois/Air  #####...     1%          3    None
e - Phase Shift           Tloc           ######....   1%          5    ###....
f - Control Teleport      Chrm/Tloc      ######....   1%          4    None


Dungeon Overview and Level Annotations

Branches:
Dungeon (15/15)            Temple (1/1) D:4             Orc (4/4) D:11
    Elf (0/3) Orc:4          Lair (8/8) D:10          Swamp (1/5) Lair:3
 Spider (5/5) Lair:3        Slime (0/6) Lair:8       Vaults (0/5) D:14
 Depths (0/5) D:15

Altars:
Ashenzari
Cheibriados
Dithmenos
Elyvilon
Fedhas
Gozag
Kikubaaqudgha
Makhleb
Nemelex Xobeh
Okawaru
Qazlal
Sif Muna
Trog
Vehumet
Xom
Yredelemnul
Zin
The Shining One
Beogh

Shops:
Orc:4 (!**(

Annotations:
D:5 vYxOr's ghost, experienced MiFi
Lair:6 exclusion: hydra
Lair:8 exclusion: oklob plant


Innate Abilities, Weirdness & Mutations

You are partially covered in molten scales (AC +1).
Potions and wands are less effective at restoring your health.


Message History

Okay, then.
Search for what [Enter for "brand weapon", or ? for help]? flaming
E - a scroll of brand weapon Read which item? (? for menu, Esc to quit)
Brand which weapon? (? for menu, Esc to quit)
As you read the scroll of brand weapon, it crumbles to dust.
Your +0 great sword of electrocution crackles with electricity.
Drop what? (_ for help) (? for menu, Esc to quit)
Your +0 great sword of electrocution stops crackling.
You are now empty-handed.
You drop a +0 great sword of electrocution.
It glows with a cold blue light!
a - a +2 great sword of freezing (weapon)
Saving game... please wait.
Welcome back, Raurakos the High Elf Wizard.
Sif Muna whispers: I know many secrets...
Press ? for a list of commands and other information.
Quiver which item? (- for none, * to show all) (? for menu, Esc to quit)
Okay, then.
Are you sure you want to abandon this character and quit the game? (Confirm with "yes".)

#.#..##.........P...#....###..#♣♣
..........................##..P#♣
.................................
.................................
.................................
.....................##..........
.................................
.....##...............#..........
.....%.#........@..........≈≈≈≈##
.P....................P....≈≈♣♣≈.
.#.............P..........♣≈≈≈≈♣♣
♣#.............#......#..♣♣≈P♣≈P♣
≈≈PP≈≈≈...............+..≈≈≈≈P≈≈≈
≈≈≈≈≈P........(#......P.≈♣≈PP≈♣≈≈
≈P≈≈≈≈≈........###.....♣♣≈≈PP≈≈PP
≈≈≈≈≈≈.................♣ ≈≈≈P≈≈ ≈
≈≈P≈≈≈.................♣ ≈≈≈≈P≈♣≈


There were no monsters in sight!

Vanquished Creatures
  6 ghost moths
  2 emperor scorpions
  Gastronok (D:10)
  Snorg (Lair:4)
  A fire dragon (D:14)
  A rakshasa (D:13)
  An ice dragon (D:14)
  A yaktaur captain (D:15)
  An ironheart preserver (D:14)
  3 centaur warriors
  An alligator (Lair:4)
  14 death yaks
  3 tengu warriors
  4 orc high priests (Orc:4)
  A catoblepas (Lair:5)
  A shadow wraith (D:14)
  4 unseen horrors
  A wizard (D:14)
  9 hill giants
  21 orb spiders
  5 cyclopes
  An orc sorcerer (Orc:4)
  A red wasp (Spider:5)
  35 wolf spiders
  A manticore (D:15)
  A griffon (Lair:3)
  2 moths of wrath (Spider:5)
  18 elephants
  6 torpor snails
  19 spiny frogs
  8 black mambas
  A gargoyle (D:12)
  Psyche (D:8)
  25 demonic crawlers
  7 komodo dragons
  A yaktaur (D:15)
  6 fire drakes
  9 trolls
  A freezing wraith (D:15)
  A hydra zombie (D:11)
  2 spriggan druids (Lair:8)
  A jumping spider (shapeshifter) (D:14)
  32 jumping spiders
  9 polar bears
  11 blink frogs
  8 slime creatures
  5 boulder beetles
  5 ravens
  2 two-headed ogres
  44 redbacks
  24 trapdoor spiders
  3 deep elf magi
  11 spriggans (Lair:8)
  A shadow (D:15)
  38 tarantellas
  A griffon skeleton (D:14)
  2 wyverns
  A hungry ghost (D:12)
  65 yaks
  12 ugly things
  5 vampire mosquitoes
  A wraith (D:11)
  Grum (D:8)
  10 hippogriffs
  30 wolves
  A deep elf fighter (D:15)
  A steam dragon (Lair:5)
  A hill giant skeleton (D:11)
  Edmund (D:7)
  28 water moccasins
  4 swamp worms (Swamp:1)
  12 porcupines
  A mottled dragon (D:13)
  A human skeleton (D:15)
  27 orc warriors
  13 ice beasts
  11 ogres
  2 sky beasts
  5 black bears
  17 spiders
  3 necrophages
  5 yellow wasps
  3 phantoms
  A boring beetle (D:9)
  14 centaurs
  A big kobold (Sewer)
  Duvessa (D:6)
  A manticore skeleton (D:14)
  10 crocodiles
  5 brain worms
  A gnoll sergeant (D:9)
  12 insubstantial wisps (Swamp:1)
  20 giant frogs
  4 eyes of draining
  2 cyclops skeletons
  12 scorpions
  20 killer bees
  A yak skeleton (D:9)
  13 electric eels
  5 goliath beetles
  2 quasits
  17 wights
  15 crimson imps
  4 lava snakes (Volcano)
  Dowan (D:6)
  An elf zombie (D:13)
  21 hounds
  45 orc priests
  2 giant frog zombies
  7 jellies
  A two-headed ogre skeleton (D:12)
  9 worker ants
  29 orc wizards
  11 iguanas
  A killer bee zombie (D:11)
  20 sheep
  2 crocodile zombies
  Jessica (D:2)
  11 gnolls
  112 green rats
  24 adders
  4 giant mites
  An inept item mimic (D:10)
  A goliath beetle zombie (D:5)
  6 shadow imps
  2 worms
  An adder skeleton (D:8)
  3 oozes
  188 orcs
  2 gnoll zombies (D:7)
  15 goblins
  19 hobgoblins
  4 jackals
  7 ball pythons
  19 bats
  7 giant cockroaches
  9 giant geckos
  6 giant newts
  A giant newt skeleton (D:4)
  2 giant spores
  27 kobolds
  An orc skeleton (D:5)
  An orc zombie (D:7)
  16 quokkas
  A quokka skeleton (D:7)
  33 rats
  4 ballistomycetes (D:10)
  A bush (Lair:2)
  A fungus (Lair:5)
1527 creatures vanquished.

Vanquished Creatures (collateral kills)
  A wolf spider (Spider:1)
  A red wasp (Spider:5)
  A black mamba (Lair:2)
  A queen bee (Spider:2)
  2 basilisks
  A redback (Spider:5)
  A vampire mosquito (D:10)
  A wolf (D:8)
  A porcupine (Lair:1)
  2 ice beasts (D:8)
  2 necrophages
  A centaur (D:10)
  An ogre (D:5)
  A killer bee (D:8)
  A scorpion (D:3)
  A hippogriff skeleton (D:8)
  A crimson imp (D:8)
  2 hounds
  A giant frog skeleton (D:6)
  A gnoll shaman (D:4)
  2 worker ants
  A sheep (Lair:1)
  An adder (Lair:1)
  2 gnolls (D:4)
  A ballistomycete (D:10)
31 creatures vanquished.

Vanquished Creatures (others)
  An orb spider (Spider:1)
  A red wasp (Spider:5)
  A boulder beetle (Spider:1)
  A shadow (D:15)
  A yak (Lair:7)
  A killer bee (Spider:2)
  21 crimson imps
  An iron imp (D:4)
  A mummy (D:13)
  16 white imps
  5 shadow imps
  30 fungi
  5 plants
85 creatures vanquished.

Grand Total: 1643 creatures vanquished

Notes
Turn   | Place    | Note
--------------------------------------------------------------
     0 | D:1      | Raurakos, the High Elf Wizard, began the quest for the Orb.
     0 | D:1      | Reached XP level 1. HP: 11/11 MP: 5/5
   416 | D:1      | Reached XP level 2. HP: 17/17 MP: 1/7
   954 | D:1      | Learned a level 2 spell: Blink
   957 | D:1      | Learned a level 2 spell: Call Imp
  1415 | D:2      | Reached XP level 3. HP: 21/21 MP: 2/10
  1734 | D:2      | Noticed Jessica
  1739 | D:2      | Killed Jessica
  1739 | D:2      | Reached skill level 4 in Conjurations
  2010 | D:3      | Reached XP level 4. HP: 27/27 MP: 7/13
  2305 | D:3      | Reached skill level 5 in Conjurations
  2797 | D:3      | Learned a level 3 spell: Mephitic Cloud
  2855 | D:4      | Reached skill level 1 in Summonings
  2899 | D:4      | Reached XP level 5. HP: 31/31 MP: 10/14
  3359 | D:4      | Found a staircase to the Ecumenical Temple.
  3384 | Temple   | Entered the Ecumenical Temple
  3441 | Temple   | Became a worshipper of Sif Muna the Loreminder
  4127 | D:4      | Reached XP level 6. HP: 36/36 MP: 15/17
  4352 | D:5      | Entered Level 5 of the Dungeon
  4398 | D:5      | Noticed vYxOr's ghost (experienced MiFi)
  5007 | D:5      | Acquired Sif Muna's first power
  5065 | D:5      | Reached skill level 1 in Air Magic
  5423 | D:5      | Reached XP level 7. HP: 41/41 MP: 14/19
  6113 | D:6      | Acquired Sif Muna's second power
  6247 | D:6      | Found a glowing drain.
  6251 | Sewer    | Entered a sewer
  7151 | Sewer    | Reached skill level 5 in Air Magic
  7461 | D:6      | Noticed Duvessa
  7462 | D:6      | Noticed Dowan
  7483 | D:6      | Reached XP level 8. HP: 46/46 MP: 15/20
  7488 | D:6      | Killed Dowan
  7488 | D:6      | Reached skill level 5 in Summonings
  7498 | D:6      | Killed Duvessa
  8386 | D:6      | Reached skill level 5 in Spellcasting
  8782 | D:6      | Found a snail-covered altar of Cheibriados.
  8923 | D:6      | Reached skill level 6 in Conjurations
  9277 | D:7      | Noticed Edmund
  9377 | D:7      | Found a basalt altar of Yredelemnul.
  9551 | D:7      | Found a shattered altar of Ashenzari.
  9615 | D:7      | Acquired Sif Muna's third power
  9789 | D:7      | Killed Edmund
  9789 | D:7      | Reached skill level 7 in Conjurations
  9914 | D:8      | Reached XP level 9. HP: 51/51 MP: 19/25
 10236 | D:8      | Noticed Psyche
 10383 | D:8      | Found a radiant altar of Vehumet.
 10386 | D:8      | Found a burning altar of Makhleb.
 10470 | D:8      | Reached skill level 1 in Long Blades
 10829 | D:8      | Noticed Grum
 10883 | D:7      | Reached skill level 5 in Dodging
 11315 | D:8      | Reached skill level 5 in Long Blades
 11374 | D:8      | Killed Grum
 11705 | D:8      | Killed Psyche
 11922 | D:8      | Found an opulent altar of Gozag.
 12037 | D:9      | Reached XP level 10. HP: 47/56 MP: 22/27
 13140 | D:9      | Got a shimmering leather armour
 13211 | D:9      | Reached skill level 8 in Dodging
 13470 | D:9      | Identified the +1 leather armour of the Butterfly {+Blink rPois} (You found it on level 9 of the Dungeon)
 13485 | D:10     | Entered Level 10 of the Dungeon
 14244 | D:10     | Reached skill level 9 in Dodging
 14378 | D:10     | Noticed a hill giant
 14398 | D:10     | Killed a hill giant
 15049 | D:10     | Noticed an elephant
 15078 | D:10     | Killed an elephant
 15078 | D:10     | Reached skill level 10 in Long Blades
 15078 | D:10     | Reached skill level 10 in Dodging
 15140 | D:10     | Found a staircase to the Lair.
 15630 | Lair:1   | Entered Level 1 of the Lair of Beasts
 15633 | Lair:1   | Noticed Gastronok
 15676 | D:9      | Reached XP level 11. HP: 45/61 MP: 27/27
 15944 | D:10     | Reached skill level 5 in Translocations
 16079 | Lair:1   | Found a frozen archway.
 16386 | IceCv    | Entered an ice cave
 16701 | D:10     | Killed Gastronok
 16701 | D:10     | Reached skill level 11 in Long Blades
 17212 | Lair:1   | Noticed a black mamba
 17220 | Lair:1   | Learned a level 5 spell: Phase Shift
 17246 | Lair:1   | Killed a black mamba
 17594 | Lair:1   | Learned a level 2 spell: Blink
 18076 | Lair:1   | Reached skill level 1 in Fighting
 18398 | Lair:1   | Reached skill level 12 in Long Blades
 19704 | Lair:2   | Noticed an eight-headed hydra
 19776 | Lair:2   | Noticed a seven-headed hydra
 20444 | Lair:3   | Reached XP level 12. HP: 33/76 MP: 18/28
 20507 | Lair:3   | Reached skill level 13 in Long Blades
 20550 | Lair:3   | Reached skill level 5 in Fighting
 20585 | Lair:3   | Found a dark tunnel.
 20594 | Volcano  | Entered a volcano
 21221 | Volcano  | Found a burning altar of Makhleb.
 21378 | Lair:3   | Found a staircase to the Swamp.
 21384 | Lair:3   | Noticed a death yak
 21385 | Lair:3   | Noticed a death yak
 21386 | Lair:3   | Noticed a death yak
 21827 | Lair:3   | Noticed an orb spider
 22925 | Lair:3   | Found a hole to the Spider Nest.
 22943 | Lair:3   | Killed an orb spider
 23258 | Lair:4   | Reached skill level 14 in Long Blades
 23886 | Lair:4   | Noticed Snorg
 23955 | Lair:4   | Killed Snorg
 24982 | Lair:4   | Noticed a four-headed hydra
 26009 | Lair:4   | a four-headed hydra changed into an alligator
 26026 | Lair:4   | Reached XP level 13. HP: 76/90 MP: 22/29
 26210 | Lair:5   | Found a white marble altar of Elyvilon.
 28583 | Lair:6   | Reached skill level 10 in Fighting
 31003 | Lair:7   | Gained mutation: You are partially covered in molten scales (AC +1). [potion of beneficial mutation]
 33038 | Lair:6   | Reached XP level 14. HP: 77/102 MP: 13/30
 33763 | D:11     | Found a staircase to the Orcish Mines.
 34976 | Orc:1    | Entered Level 1 of the Orcish Mines
 37738 | Orc:4    | Entered Level 4 of the Orcish Mines
 37837 | Orc:4    | Found Azuthrur's Antique Weapon Boutique.
 37972 | Orc:4    | Bought a runed long sword for 80 gold pieces
 38001 | Orc:4    | Found a roughly hewn altar of Beogh.
 38552 | Orc:4    | Found a roughly hewn altar of Beogh.
 39000 | Orc:4    | Found a staircase to the Elven Halls.
 40870 | Orc:4    | Gained mutation: Potions and wands are less effective at restoring your health. [a neqoxec]
 41123 | Orc:4    | Found Kladdolla's Assorted Antiques.
 41123 | Orc:4    | Found Fruden's Weapon Boutique.
 41124 | Orc:4    | Found Athraang's General Store.
 41127 | Orc:4    | Found Ploan's Distillery.
 41139 | Orc:4    | Bought a potion of restore abilities for 36 gold pieces
 41276 | Orc:4    | Bought a potion of mutation for 37 gold pieces
 41532 | Lair:1   | Identified a scroll of acquirement
 42610 | Lair:8   | Entered Level 8 of the Lair of Beasts
 42657 | Lair:8   | Found a staircase to the Slime Pits.
 42802 | Lair:8   | Reached skill level 15 in Long Blades
 43936 | Lair:8   | Reached skill level 16 in Long Blades
 44556 | Lair:8   | Reached XP level 15. HP: 93/109 MP: 23/33
 45596 | D:12     | Reached skill level 17 in Long Blades
 46667 | D:13     | Got a heavily runed leather armour
 46675 | D:13     | Identified the +1 leather armour of Watchfulness {SInv Stlth++} (You found it on level 13 of the Dungeon)
 47293 | D:13     | Reached skill level 18 in Long Blades
 47417 | D:13     | Found a radiant altar of Vehumet.
 49050 | D:14     | Found a gate to the Vaults.
 49159 | D:14     | Received a gift from Sif Muna
 49160 | D:14     | Identified Sif Muna's Guide on the Escort (Sif Muna gifted it to you on level 14 of the Dungeon)
 49244 | D:15     | Entered Level 15 of the Dungeon
 49663 | D:15     | Found a stormy altar of Qazlal.
 49671 | D:15     | Reached skill level 10 in Spellcasting
 49830 | D:15     | Found a staircase to the Depths.
 50609 | Lair:2   | Learned a level 4 spell: Control Teleport
 51256 | Spider:1 | Entered Level 1 of the Spider Nest
 51902 | Spider:1 | Reached XP level 16. HP: 117/117 MP: 33/35
 53039 | Spider:1 | Reached skill level 10 in Translocations
 53907 | Spider:1 | Upgraded the game from 0.15-a0-2102-gacb6860 to 0.15-a0-2123-gb18dd36
 53914 | Spider:2 | Received a gift from Sif Muna
 53923 | Spider:2 | Identified Sif Muna's Catalogue of Dislocation (Sif Muna gifted it to you on level 2 of the Spider Nest)
 54665 | Spider:2 | Reached skill level 1 in Poison Magic
 54740 | Spider:2 | Reached skill level 1 in Charms
 56262 | Spider:3 | Received a gift from Sif Muna
 56263 | Spider:3 | Identified Sif Muna's Almanac of Twisted Displacement (Sif Muna gifted it to you on level 3 of the Spider Nest)
 57145 | Spider:3 | Reached skill level 5 in Charms
 57218 | Spider:4 | Reached skill level 1 in Evocations
 59241 | Spider:5 | Entered Level 5 of the Spider Nest
 59688 | Spider:4 | Reached XP level 17. HP: 67/125 MP: 32/36
 59965 | Spider:5 | Reached skill level 5 in Evocations
 60024 | Spider:5 | Upgraded the game from 0.15-a0-2123-gb18dd36 to 0.15-a0-2130-g28e4b74
 63882 | Spider:5 | HP: 2/126 [emperor scorpion (24)]
 64842 | Spider:5 | Got a gossamer rune of Zot
 65408 | Swamp:1  | Entered Level 1 of the Swamp
 66289 | Lair:2   | Quit the game

Action                   |  1- 3 |  4- 6 |  7- 9 | 10-12 | 13-15 | 16-18 || total
-------------------------+-------+-------+-------+-------+-------+-------++-------
Melee: Unarmed           |     2 |       |       |       |       |       ||     2
       Dagger            |     3 |       |       |       |       |       ||     3
       Short sword       |       |     3 |     6 |       |       |       ||     9
       Scimitar          |       |       |    35 |  1231 |  1395 |       ||  2661
       Great sword       |       |       |       |       |  1184 |  1234 ||  2418
       Long sword        |       |       |       |       |   249 |       ||   249
 Fire: Blowgun           |       |       |    72 |   142 |    34 |     7 ||   255
Throw: Stone             |       |    15 |       |       |       |       ||    15
 Cast: Magic Dart        |   101 |   152 |   442 |   642 |  1042 |   276 ||  2655
       Call Imp          |       |    22 |    43 |    33 |    15 |     7 ||   120
       Mephitic Cloud    |       |     6 |    31 |    81 |   150 |    59 ||   327
       Blink             |       |     1 |     8 |    12 |    32 |    14 ||    67
       Phase Shift       |       |       |       |    43 |   156 |    71 ||   270
       Control Teleport  |       |       |       |       |       |     1 ||     1
Invok: Forget Spell      |       |       |       |     1 |       |       ||     1
Evoke: Wand              |       |     2 |     1 |    32 |    14 |     1 ||    50
  Use: Scroll            |       |     5 |     4 |     9 |    21 |     6 ||    45
       Potion            |       |       |       |     3 |     4 |     5 ||    12
 Stab: Sleeping          |       |       |     2 |     3 |     6 |     1 ||    12
       Confused          |       |       |     4 |    52 |   126 |    37 ||   219
       Distracted        |       |       |     1 |     3 |     4 |     1 ||     9
       Paralysed         |       |       |       |    10 |       |       ||    10
       Fleeing           |       |       |       |       |     1 |       ||     1
  Eat: Chunk             |     3 |    11 |    21 |    48 |   105 |    67 ||   255
       Beef jerky        |       |       |       |     1 |     1 |       ||     2
       Meat ration       |       |       |       |       |     1 |       ||     1
       Bread ration      |       |       |       |       |     1 |       ||     1
